 Dungeon Crawl Stone Soup version 0.19.4-9-g45fd643 (webtiles) character file.

42 danebombitumenja the Shooter (level 3, 0/45 HPs)
             Began as a Centaur Hunter on Feb 18, 2017.
             Succumbed to an adder's poison
             ... on level 2 of the Dungeon.
             The game lasted 00:02:05 (975 turns).

danebombitumenja the Shooter (Centaur Hunter)        Turns: 975, Time: 00:02:06

Health: 0/45       AC: 21    Str: 20    XL:     3   Next: 35%
Magic:  3/3        EV:  1    Int: 10    God:
Gold:   99         SH:  0    Dex:  9    Spells: 0 memorised, 2 levels left

rFire  . . .     SeeInvis .     a - +1 shortbow
rCold  . . .     Gourm    .     (armour currently unavailable)
rNeg   + + +     Faith    .     (shield currently unavailable)
rPois  +         Spirit   .     (helmet currently unavailable)
rElec  .         Reflect  .     (cloak currently unavailable)
rCorr  .         Harm     .     (gloves currently unavailable)
MR     .....     NoTele   +     (no barding)
Stlth  +.........               (no amulet)
                                (no ring)
                                (no ring)

@: mighty, lethally poisoned (0 -> -1), tree-form
A: (hooves 0), (deformed body), (speed 0), (tough skin 0)
a: no special abilities


You were on level 2 of the Dungeon.
You were not hungry.
You were a tree.
You visited 1 branch of the dungeon, and saw 2 of its levels.

You collected 99 gold pieces.

Inventory:

Hand Weapons
 a - a +1 shortbow (weapon)
 b - a +0 short sword
Missiles
 l - 11 poisoned needles
 q - 15 bolts
Armour
 c - a +0 leather armour (melded)
 o - a cursed +0 pair of gloves (melded)
Jewellery
 i - an uncursed ring of magical power {unknown}
Scrolls
 h - a scroll of remove curse {unknown}
 m - a scroll of magic mapping {unknown}
 n - a scroll of teleportation {unknown}
 r - a scroll of recharging {unknown}
Potions
 e - a potion of might
Comestibles
 f - 2 bread rations
 g - 3 chunks of flesh
 k - 2 meat rations
 p - a slice of pizza


   Skills:
 + Level 2.5 Fighting
 * Level 6.5 Bows
 - Level 1.3 Dodging
 - Level 0.4 Stealth


You had 2 spell levels left.
You didn't know any spells.

Dungeon Overview and Level Annotations

Branches:
Dungeon (2/15)

Altars:
Dithmenos


Innate Abilities, Weirdness & Mutations

((You have hooves in place of feet.))
((Armour fits poorly on your strangely shaped body.))
((You cover ground very quickly.))
((You have extremely tough skin. (AC +3)))


Message History

It was a potion of might.
You feel very mighty all of a sudden.
* * * LOW HITPOINT WARNING * * *
You feel sick.
It was a potion of lignification.
You turn into a tree.
Your cursed +0 pair of gloves melds into your body.
Your +0 leather armour melds into your body.
Your roots penetrate the ground.
There is a lethal amount of poison in your body!
* * * LOW HITPOINT WARNING * * *
You feel sick.
* * * LOW HITPOINT WARNING * * *
You feel sick.
* * * LOW HITPOINT WARNING * * *
You feel sick.
* * * LOW HITPOINT WARNING * * *
You feel sick.
* * * LOW HITPOINT WARNING * * *
You feel sick.
You die...

▒·· ▒▒· ▒·▒▒▒▒▒▒ ▒▒ ▒·▒
▒▒·····▒ ▒· ▒··▒▒
▒▒·▒▒▒▒·▒▒▒·
▒·▒·▒▒▒·▒▒▒▒▒·▒··_
▒▒▒▒▒▒▒·▒··▒··········▒·
▒···········▒▒▒▒·▒▒·▒▒··
▒······▒▒▒ ▒·▒▒·▒▒·· ▒▒▒
····▒▒♣▒▒▒ ········· ▒··
· ▒(▒ ▒·▒▒·▒▒·· ▒·▒
▒((·▒ ▒·▒▒·· ▒·▒ ▒·▒·▒
······ ▒·▒ ▒·▒·▒ ▒·▒▒▒·
▒·▒ ▒=· · ·· ▒· ▒▒·▒▒
▒·▒ ▒· · ▒▒ ▒·^·▒ ▒(· ··
▒▒▒·▒·▒▒▒ ▒▒▒ ▒·


There were no monsters in sight!

Vanquished Creatures
  2 adders (D:2)
  A dart slug (D:1)
  A leopard gecko (D:1)
  2 ball pythons
  A giant cockroach (D:1)
  2 hobgoblins (D:1)
  A jackal (D:2)
  2 kobolds (D:1)
  A quokka (D:2)
  3 bats
  3 goblins (D:1)
  5 rats
24 creatures vanquished.

Notes
Turn   | Place    | Note
-------+----------+-------------------------------------------
     0 | D:1      | danebombitumenja the Centaur Hunter began the quest for the Orb.
     0 | D:1      | Reached XP level 1. HP: 17/17 MP: 1/1
   281 | D:1      | Reached XP level 2. HP: 21/24 MP: 2/2
   516 | D:1      | Reached skill level 6 in Bows
   900 | D:2      | Found a shadowy altar of Dithmenos.
   948 | D:2      | Reached XP level 3. HP: 15/30 MP: 3/3
   961 | D:2      | HP: 2/45 [poisoned by an adder]
   967 | D:2      | HP: 1/45 [poisoned by an adder]
   975 | D:2      | Succumbed to an adder's poison

Skill      XL: |  1  2 |
---------------+-------+-----
Bows           | 6 |  6.5
Fighting       | |  2.5
Dodging        | |  1.3
Stealth        | |  0.4

Action                   || total
-------------------------++-------
Melee: Short sword       ||    56
       Kick              ||    10
 Fire: Shortbow          ||    20
  Use: Potion            ||     2
Armor: Leather armour    ||    23
Dodge: Dodged            ||    28
